 Dungeon Crawl Stone Soup version 0.24.1-4-ge52af88ad5 (webtiles) character file.

Game seed: 2431566719605311542, levelgen mode: deterministic

102 Curus the Cudgeler (level 4, 0/28 HPs)
             Began as a Gargoyle Fighter on Apr 15, 2020.
             Killed by divine providence
             ... invoked by an orc priest
              (15 damage)
             ... on level 3 of the Dungeon.
             The game lasted 00:13:30 (1226 turns).

Curus the Cudgeler (Gargoyle Fighter)               Turns: 1226, Time: 00:13:32

Health: 0/28       AC: 13    Str: 19 (20) XL:     4   Next: 78%
Magic:  4/4        EV:  7    Int:  8      God:
Gold:   153        SH:  8    Dex:  7 (10) Spells: 3/3 levels left

rFire    . . .     SeeInvis .   a - +0 flail
rCold    . . .     Gourm    .   c - +0 shield
rNeg     + . .     Faith    .   b - +0 scale mail
rPois    ∞         Spirit   .   (no helmet)
rElec    +         Reflect  .   g - +0 cloak
rCorr    .         Harm     .   (no gloves)
MR       .....                  e - +1 pair of boots
Stlth    ..........             (no amulet)
HPRegen  0.09/turn              (no ring)
MPRegen  0.09/turn              (no ring)

@: no status effects
A: negative energy resistance 1, electricity resistance, unbreathing,
petrification resistance, rot immunity, AC +3
a: no special abilities


You were on level 3 of the Dungeon.
You were not hungry.

You visited 1 branch of the dungeon, and saw 3 of its levels.

You collected 153 gold pieces.

Inventory:

Hand Weapons
 a - a +0 flail (weapon)
Armour
 b - a +0 scale mail (worn)
 c - a +0 shield (worn)
 e - a +1 pair of boots (worn)
 g - a +0 cloak (worn)
Scrolls
 d - 3 scrolls of remove curse
Potions
 h - a potion of curing
Comestibles
 f - 3 rations


   Skills:
 - Level 3.2 Fighting
 + Level 4.8 Maces & Flails
 - Level 3.2 Armour
 - Level 3.2 Shields


You had 3 spell levels left.
You didn't know any spells.
Your spell library was empty.

Dungeon Overview and Level Annotations

Branches:
Dungeon (3/15)

Altars:
Ru
Yredelemnul


Innate Abilities, Weirdness & Mutations

You are resistant to torment.
Your stone body is resilient. (AC +3)
You are immune to poison.
You resist negative energy. (rN+)
You are resistant to electric shocks. (rElec)
You can survive without breathing.
You are immune to petrification.
You are immune to rotting.


Message History

The orc wizard shouts!
You hear a shout!
An orc priest comes into view. It is wielding a +0 flail.
Found a stone staircase leading down.
An orc comes into view.
The orc shouts!
The orc priest shouts!
The orc priest begins to cast a cantrip, but forgets the words!
The orc priest mumbles some strange prayers to Beogh against you.
Beogh smites you!
Ouch! That really hurt!
You block the orc wizard's attack.
You closely miss the orc wizard. The orc wizard casts a spell at you.
The magic dart hits you but does no damage.
You barely miss the orc wizard.
The orc wizard mumbles some strange words.
The orc wizard blinks!
The orc priest mumbles some strange prayers to Beogh against you.
Beogh smites you!
Ouch! That really hurt!
You die...

#. .# .## .###.#
...##..#..##
.....#.....####
............#
...........
#§oo...... ##
#.@.......
....###.........
#..>..o....(...
#.####.........
#..............
#....#.........
....#.##....>....
### #.##......... .
#....###########..#


You could see an orc priest, an orc wizard and an orc.

Vanquished Creatures
  3 adders (D:2)
  2 oozes (D:2)
  A worm (D:2)
  3 dart slugs (D:1)
  3 leopard geckos
  5 bats
  9 giant cockroaches
  5 goblins
  3 hobgoblins
  A jackal (D:2)
  3 quokkas (D:2)
  4 frilled lizards
  6 kobolds
  A quokka skeleton (D:2)
  5 rats
54 creatures vanquished.

Notes
Turn   | Place    | Note
-------+----------+-------------------------------------------
     0 | D:1      | Curus the Gargoyle Fighter began the quest for the Orb.
     0 | D:1      | Reached XP level 1. HP: 14/14 MP: 1/1
    47 | D:1      | Reached XP level 2. HP: 15/19 MP: 2/2
    89 | D:1      | Reached skill level 3 in Maces & Flails
   125 | D:1      | Reached XP level 3. HP: 11/23 MP: 3/3
   529 | D:2      | Reached skill level 4 in Maces & Flails
   532 | D:2      | Found a basalt altar of Yredelemnul.
   598 | D:2      | Reached XP level 4. HP: 9/28 MP: 4/4
  1156 | D:2      | Found a sacrificial altar of Ru.
  1226 | D:3      | Killed from afar by an orc priest

Levels and vault maps discovered:
D:1:      minmay_arrival_jagged, layout_rooms
D:2:      layout_rooms, marbit_many_paths, first_ration, minmay_hexomino_r4
D:3:      layout_rooms, grunt_temple_overflow_cloverleaf,
          overflow_temple_1_default, uniq_ijyb, uniq_jessica, uniq_robin,
          uniq_natasha

Skill      XL: |  1  2  3 |
---------------+----------+-----
Maces & Flails | 3 4 |  4.8
Fighting       | |  3.2
Armour         | |  3.2
Shields        | |  3.2

Action                   |  1- 3 |  4- 6 || total
-------------------------+-------+-------++-------
Melee: Flail             |   159 |    82 ||   241
  Use: Scroll            |     5 |     2 ||     7
       Potion            |     3 |     2 ||     5
  Eat: Chunk             |       |     2 ||     2
Armor: Scale mail        |   183 |    52 ||   235
       Skin              |       |     4 ||     4
Dodge: Dodged            |   111 |    17 ||   128
Block: Shield            |   151 |    42 ||   193
